 Dungeon Crawl Stone Soup version 0.32-a0-685-g93135e86f0 (webtiles) character file.

Game seed: 8672866994703985434

361556 twTrunk the Spry (level 22, -6/185 HPs)
             Began as a Coglin Gladiator on Mar 5, 2024.
             Was the Champion of Trog.
             Mangled by a spriggan berserker
             ... wielding a +0 quarterstaff
              (23 damage)
             ... on level 1 of the Depths on Mar 12, 2024.
             The game lasted 04:57:09 (59519 turns).

twTrunk the Spry (Coglin Gladiator)                Turns: 59519, Time: 04:57:09

Health: -6/185     AC: 35    Str: 22    XL:     22   Next: 79%
Magic:  31/31      EV: 18    Int: 10    God:    Trog [******]
Gold:   2364       SH:  0    Dex: 20    Spells: 21/21 levels left

rFire   + + +        d - +4 scimitar "Ahig" {flame, ^Fragile rC+++ Will+ Dex-2}
rCold   + + +        Q - +2 short sword (speed) {Zhen}
rNeg    . . .        B - +10 plate armour of Ethics {*Corrode rF+ MP+9 Slay+2}
rPois   +            N - +0 helmet of the Prince of Darkness {rF++ Will+ SInv}
rElec   +            f - +1 cloak of Plog {rPois Str+2}
rCorr   .            l - +0 pair of gloves
SInv    +            b - +0 pair of boots of the Cricket {Str+3}
Will    +++..        (amulet unavailable) Stlth
                     (ring unavailable)
HPRegen 0.50/turn    (ring unavailable)
MPRegen 0.22/turn    z - ablative megaassembler {rElec Slay+3 Clar RMsl}

%: corrode self (3%), repel missiles, clarity
@: engulfed (cannot breathe), studying Armour, invisible, revving
A: off-hand wielding, slow wielding, warmup strikes, no jewellery
}: 1/15 runes: decaying
a: Renounce Religion, Berserk, Trog's Hand, Brothers in Arms


You were on level 1 of the Depths.
You worshipped Trog.
Trog was exalted by your worship.
You visited 8 branches of the dungeon, and saw 39 of its levels.
You also visited: Gauntlet, Ice Cave and Wizlab.

You collected 5360 gold pieces.
You spent 2996 gold pieces at shops.

Inventory:

Hand Weapons
 d - the +4 scimitar "Ahig" (weapon) {flame, ^Fragile rC+++ Will+ Dex-2}
   (Trog gifted it to you on level 14 of the Dungeon)

   Dex-2:     It affects your dexterity (-2).
   rC+++:     It renders you almost immune to cold.
   Will+:     It increases your willpower.
   ^Fragile:  It will be destroyed if unequipped.
 e - a +1 double sword of flaming
 g - a +4 antimagic demon blade
 o - a +0 double sword of electrocution
 M - a +2 broad axe of freezing
 Q - a +2 short sword of speed (offhand) {Zhen}
Missiles
 a - 9 boomerangs
 R - 11 curare-tipped darts (quivered)
 U - 7 throwing nets
Armour
 b - the +0 pair of boots of the Cricket (worn) {Str+3}
   (You found it in a Gauntlet)

   Str+3:     It affects your strength (+3).
 f - the +1 cloak of Plog (worn) {rPois Str+2}
   (You found it in a Gauntlet)

   Str+2:     It affects your strength (+2).
   rPois:     It protects you from poison.
 l - a +0 pair of gloves (worn)
 B - the +10 plate armour of Ethics (worn) {*Corrode rF+ MP+9 Slay+2}
   (You found it on level 1 of the Orcish Mines)

   Slay+2:    It affects your accuracy & damage with ranged weapons and melee
   (+2).
   rF+:       It protects you from fire.
   MP+9:      It affects your magic capacity (+9).
   *Corrode:  It may corrode you when you take damage.
 I - quicksilver dragon scales
 N - the +0 helmet of the Prince of Darkness (worn) {rF++ Will+ SInv}
   (You found it in a Gauntlet)

   rF++:      It greatly protects you from fire.
   Will+:     It increases your willpower.
   SInv:      It lets you see invisible.
Gizmo
 z - an ablative megaassembler (installed) {rElec Slay+3 Clar RMsl}
   (You invented it yourself on level 4 of the Lair of Beasts)

   [ablative megaassembler]

   Slay+3:    It affects your accuracy & damage with ranged weapons and melee
   (+3).
   rElec:     It insulates you from electricity.
   Clar:      It protects you from confusion, rage, mesmerisation and fear.
   RMsl:      It protects you from missiles.
Wands
 k - a wand of digging (6)
 t - a wand of paralysis (17)
 D - a wand of polymorph (3)
 L - a wand of iceblast (67)
 O - a wand of mindburst (20)
 X - a wand of light (22)
Scrolls
 c - 7 scrolls of vulnerability
 j - a scroll of summoning
 p - a scroll of brand weapon
 q - 7 scrolls of fog
 x - 3 scrolls of immolation
 y - 4 scrolls of torment
 C - 5 scrolls of poison
 E - 2 scrolls of revelation
 F - 2 scrolls of silence
 H - 7 scrolls of enchant weapon
 P - 2 scrolls of blinking
 S - 6 scrolls of teleportation
 Y - 7 scrolls of enchant armour
 Z - a scroll of fear
Potions
 h - a potion of cancellation
 i - 5 potions of attraction
 m - 3 potions of haste
 n - 3 potions of heal wounds
 r - 6 potions of lignification
 s - 4 potions of mutation
 u - 6 potions of enlightenment
 v - 3 potions of berserk rage
 A - 3 potions of might
 G - 27 potions of curing
 K - 4 potions of magic
 T - a potion of resistance
 V - 3 potions of ambrosia
Miscellaneous
 J - a lightning rod (4/4)
 W - a phantom mirror


   Skills:
 - Level 18.4 Fighting
 - Level 9.5(12.7) Short Blades
 - Level 14.7(16.0) Long Blades
 + Level 16.6 Axes
 - Level 1.7 Throwing
 - Level 16.3 Armour
 - Level 20.0 Dodging
 - Level 4.0 Stealth
 - Level 12.9 Evocations


You had 21 spell levels left.
You didn't know any spells.
Your spell library contained the following spells:

 Spells                   Type           Power      Damage    Failure   Level
 Sandblast                Erth           0%         2d4       97%         1
 Call Imp                 Summ           0%         N/A       99%         2
 Sublimation of Blood     Necr           0%         N/A       99%         2
 Dazzling Flash           Conj/Hex       0%         N/A       100%        3
 Passwall                 Erth           0%         N/A       100%        3
 Stone Arrow              Conj/Erth      0%         3d7       100%        3
 Volatile Blastmotes      Fire/Tloc      0%         2d10      100%        3
 Brom's Barrelling Bould  Conj/Erth      0%         2d3       100%        4
 Starburst                Conj/Fire      0%         6d3       100%        6
 Summon Hydra             Summ           0%         N/A       100%        7
 Maxwell's Capacitive Co  Air            0%         ∞         100%        8


Dungeon Overview and Level Annotations

Branches:
Dungeon (15/15)            Temple (0/1) D:6            Lair (5/5) D:9
  Swamp (4/4) Lair:2       Spider (4/4) Lair:2        Slime (0/5) Lair:5
    Orc (2/2) D:9             Elf (3/3) Orc:2        Vaults (4/5) D:13
  Crypt (0/3) Vaults:3     Depths (2/4) D:15          IceCv (visited)
 WizLab (visited)         Gauntlet (visited)

Altars:
Ashenzari
Cheibriados
Dithmenos
Gozag
Hepliaklqana
Kikubaaqudgha
Makhleb
Nemelex Xobeh
Qazlal
Sif Muna
Trog
Uskayaw
Vehumet
Wu Jian
Xom
Yredelemnul
Zin
The Shining One
Jiyva

Shops:
D:1 ?   D:7 [*=((   D:8 ((   Orc:2 (?**[   Elf:2 *[*   Vaults:1 :   Vaults:2 :
Vaults:3 (   Depths:1 *   Depths:2 =

Portals:
Hell: Depths:1
Ziggurat: Depths:1
Trove: D:10 (give +4 shadow dragon scales)

Annotations:
D:4 Dowan
Lair:4 exclusion: oklob plant
Spider:4 2 transporters, exclusion: 3 doors, Bigboy123's ghost, adept MiBe
Vaults:4 3 runed translucent doors, exclusion: 3 doors, Sudilyre's ghost, adept MiBe


Innate Abilities, Weirdness & Mutations

You can wield a second weapon in your off-hand.
It takes a long time for you to wield or remove held weapons.
Your first few attacks do less damage.
You cannot equip rings or amulets.


Message History

You hit the ettin with your +2 short sword of speed.
The ettin is lightly wounded.
You slash the ettin with the +4 scimitar "Ahig"!
You burn the ettin.
Your lungs strain for air!
The ettin hits you with a +0 great mace!
The ettin hits you with a +0 dire flail!
The spriggan berserker hits you with a +0 quarterstaff!!!
* * * LOW HITPOINT WARNING * * *
You are too injured to fight recklessly!
You are too injured to fight recklessly!
You cannot read scrolls while unable to breathe!
Unknown command.
Okay, then.
You feel much better.
* * * LOW HITPOINT WARNING * * *
Your lungs strain for air!
The spriggan berserker hits you with a +0 quarterstaff!
* * * LOW HITPOINT WARNING * * *
The water elemental barely misses you. The ettin barely misses you.
The ettin hits you but does no damage.
You fade into invisibility!
* * * LOW HITPOINT WARNING * * *
Your lungs strain for air!
The spriggan berserker hits you but does no damage.
The water elemental hits you. The ettin barely misses you. x2
The spriggan berserker hits you with a +0 quarterstaff.
* * * LOW HITPOINT WARNING * * *
* * * LOW HITPOINT WARNING * * *
Your lungs strain for air!
The spriggan berserker hits you with a +0 quarterstaff!
* * * LOW HITPOINT WARNING * * *
The water elemental completely misses you.
Things that are here:
a +0 chain mail; a +0 war axe You feel much better.
* * * LOW HITPOINT WARNING * * *
Your lungs strain for air!
The spriggan berserker hits you with a +0 quarterstaff!!
You die...

P~~≈≈≈≈P~~♣♣..##.#.#.ß.ß.#.###
~~≈≈≈≈≈~~♣.....###.'..>..#...#
♣~♣~~~~~~♣♣....# #.#)ß.ß.#.#.#
~~~~~~~~~~♣##### #.##...##.#.#
~~~P~~~~~♣.....# #.ß#####ß.#.#
~~~♣~~P~P~..#'#####..)....##.#
)~~~~~~~♣...#...'.##########.#
.♣~~♣~~~[####.#E####.........#
.♣~~~~♣♣#.....#C@.#.##########
'#♣♣♣♣♣##.....#.i.'.#
.....♣..###..##'#####
...#).....#'##...).#
.###......#..#.....#
.#.......##..#########
##...................#
#..####.........####.#
#..#..###########..#.#


You could see an ettin (unable to see you), a spriggan berserker (berserk) and a
water elemental (unable to see you).

Vanquished Creatures
  Jory (Vaults:2)
  Norris (Elf:2)
  Jorgrun (Swamp:3)
  Rupert (Lair:5)
  Zenata (Elf:2)
  3 deep elf blademasters
  2 deep elf master archers (Elf:3)
  Asterion (Elf:2)
  3 sphinxes
  2 thorn hunters (Swamp:3)
  Donald (Swamp:1)
  Aizul (Swamp:2)
  2 azure jellies (IceCv)
  An emperor scorpion (Spider:4)
  12 vault wardens
  3 deep elf sorcerers (Elf:3)
  2 deep elf elementalists (Elf:3)
  A ghost moth (Spider:4)
  3 fire giants
  A frost giant (Depths:1)
  Louise (Swamp:3)
  2 ghouls
  The ghost of Extiocze the Marksspriggan, an adept SpHu of Okawaru (Swamp:4)
  An angel (Vaults:3)
  3 very ugly things (Depths:1)
  A quicksilver ooze (IceCv)
  2 broodmothers
  9 ironbound thunderhulks
  9 ironbound preservers
  3 stone giants
  3 eleionomae
  3 deep elf demonologists (Elf:3)
  Nessos (D:15)
  11 deep elf annihilators (Elf:3)
  2 vampire knights (Depths:1)
  6 deep elf death magi (Elf:3)
  7 war gargoyles
  A minotaur (Gauntlet)
  6 bunyips
  18 dire elephants
  3 spark wasps
  2 eidola (WizLab)
  A crystal guardian (Vaults:4)
  7 fire dragons
  3 ettins
  6 yaktaur captains
  Josephine (Lair:5)
  5 great orbs of eyes
  5 deep elf high priests (Elf:3)
  A merfolk javelineer (Depths:1)
  17 vault guards
  2 spriggan air magi (Depths:1)
  Harold (D:9)
  3 rakshasas (Depths:1)
  3 entropy weavers
  A quicksilver dragon skeleton (Vaults:2)
  6 ironbound frosthearts
  Erolcha (D:9)
  26 hydras
  2 ice dragons (Depths:1)
  3 ogre magi
  3 ghost crabs
  A jorogumo (Spider:2)
  2 catoblepae
  2 peacekeepers
  6 centaur warriors (Vaults:1)
  4 radroaches
  7 alligators
  Erica (Lair:1)
  A death knight (D:13)
  19 dancing weapons
  2 tengu warriors
  15 boulder beetles
  2 death yaks (Lair:5)
  10 two-headed ogres
  4 spriggan berserkers (Depths:1)
  4 orc high priests (Orc:2)
  10 demonic crawlers
  2 occultists
  4 skysharks (Elf:2)
  15 deep elf knights
  An iron troll (Depths:1)
  6 goliath frogs
  9 skeletal warriors
  16 deep trolls
  5 pharaoh ants
  4 spriggan druids
  3 bog bodies
  A spectral anaconda (Lair:5)
  A lindwurm (shapeshifter) (D:14)
  14 swamp dragons
  2 sun moths
  5 orb spiders
  An elf zombie (Vaults:2)
  8 orc knights
  13 arcanists
  8 harpies
  A snapping turtle (shapeshifter) (Depths:1)
  9 necromancers
  22 deep elf zephyrmancers
  12 deep elf archers
  5 steelbarb worms
  13 ironbound convokers
  An obsidian statue (Lair:5)
  Pikel (D:6)
  5 lindwurms
  4 orc sorcerers
  5 phantasmal warriors
  11 wolf spiders
  A cyclops (shapeshifter) (Vaults:4)
  A frost giant zombie (Depths:1)
  26 deep elf pyromancers
  A spectral spriggan (WizLab)
  A manticore (D:13)
  A stone giant zombie (Depths:1)
  50 ugly things
  9 cyclopes
  Maurice (D:7)
  3 moths of wrath
  6 meliai
  2 will-o-the-wisps
  17 elephants
  Joseph (Lair:1)
  2 ice statues (IceCv)
  19 vault sentinels
  A dire elephant zombie (Lair:5)
  8 black mambas
  A gargoyle (D:12)
  17 cane toads
  5 torpor snails
  5 rime drakes
  A freezing wraith (D:14)
  3 kobold demonologists
  A komodo dragon (shapeshifter) (Orc:2)
  28 yaktaurs
  Maggie (D:9)
  Jeremiah (D:9)
  An efreet (Gauntlet)
  An unseen horror (D:11)
  3 tengu conjurers
  9 komodo dragons
  A silent spectre (Orc:1)
  A queen bee (Spider:3)
  10 trolls
  A queen bee (shapeshifter) (D:14)
  2 polar bears
  8 hornets
  9 tyrant leeches
  A tarantella (shapeshifter) (Elf:1)
  Prince Ribbit (D:9)
  2 dream sheep (Lair:4)
  21 tarantellas
  18 blink frogs
  20 jumping spiders
  A spriggan zombie (WizLab)
  2 spectral elephants (Lair:5)
  54 slime creatures
  Sigmund (D:5)
  An ettin skeleton (Vaults:2)
  11 culicivoras
  12 water elementals
  6 basilisks
  2 shadows
  An air elemental (Elf:2)
  49 yaks
  A spectral komodo dragon (Lair:2)
  13 spriggans
  7 wyverns
  10 wraiths
  4 fire elementals
  4 steam dragons
  A warg (Orc:1)
  A death yak simulacrum (Lair:5)
  Eustachio (D:6)
  42 redbacks
  A redback (shapeshifter) (D:15)
  16 vampire mosquitoes
  Menkaure (D:6)
  A spectral cane toad (Lair:2)
  13 swamp worms
  2 hell hounds (Gauntlet)
  Edmund (D:5)
  18 water moccasins
  6 great orb of eyes simulacra (IceCv)
  2 spectral yaks (Lair:2)
  32 orc warriors
  A spectral blink frog (Lair:2)
  Duvessa (D:4)
  8 swamp drakes
  An ice beast (D:7)
  A glowing shapeshifter skeleton (Depths:1)
  2 laughing skulls (D:15)
  3 black bears
  2 centaurs
  2 elephant zombies (Lair:5)
  12 ogres
  9 wolves
  An elephant skeleton (Lair:5)
  5 boggarts (Vaults:1)
  4 phantoms
  6 slime creature simulacra (IceCv)
  7 kobold brigands
  14 bullfrogs
  2 scorpions
  A spectral water moccasin (Lair:2)
  3 glowing shapeshifter simulacra (IceCv)
  2 earth elementals
  A cane toad simulacrum (Lair:5)
  11 killer bees (Spider:3)
  6 howler monkeys
  8 electric eels
  4 bombardier beetles
  3 jellies
  39 orc priests
  6 hounds
  5 iguanas
  Natasha (thrice) (D:3)
  20 orc wizards
  6 hell rats
  A shapeshifter simulacrum (IceCv)
  A boggart simulacrum (D:13)
  12 adders
  4 gnolls
  5 shadow imps
  2 white imps (Gauntlet)
  5 dart slugs
  2 ribbon worms
  87 orcs
  5 bats
  4 endoplasms
  5 giant cockroaches
  4 goblins
  5 hobgoblins
  3 jackals (D:1)
  25 kobolds
  3 quokkas
  7 ball pythons
  2 frilled lizards (D:1)
  4 rats
1556 creatures vanquished.

Vanquished Creatures (collateral kills)
  the Lernaean hydra (Swamp:4)
  A vault warden (Vaults:4)
  An ironbound preserver (Vaults:2)
  An entropy weaver (Vaults:1)
  3 dancing weapons (Elf:2)
  An orc high priest (Orc:2)
  A deep elf knight (Elf:2)
  A goliath frog (Swamp:1)
  3 deep trolls (Vaults:2)
  A spriggan druid (Swamp:1)
  2 bog bodies
  An orc knight (Orc:2)
  A yaktaur (Vaults:4)
  2 yaks (Lair:5)
  A swamp worm (Swamp:1)
  3 orc warriors (Orc:2)
  An orc priest (Orc:2)
25 creatures vanquished.

Vanquished Creatures (others)
  A deep elf sorcerer (Elf:3)
  A deep elf elementalist (Elf:3)
  A deep elf annihilator (Elf:3)
  A deep elf high priest (Elf:3)
  A dancing weapon (Elf:2)
  An occultist (D:15)
  A bloated husk (Swamp:1)
  14 foxfires
21 creatures vanquished.

Grand Total: 1602 creatures vanquished

Notes
Turn   | Place    | Note
-------+----------+-------------------------------------------
     0 | D:1      | twTrunk the Coglin Gladiator began the quest for the Orb.
     0 | D:1      | Reached XP level 1. HP: 16/16 MP: 1/1
    64 | D:1      | Found Soith's Magic Scroll Boutique.
    77 | D:1      | Reached XP level 2. HP: 22/22 MP: 2/2
   106 | D:1      | Reached skill level 1 in Short Blades
   332 | D:1      | Reached XP level 3. HP: 27/27 MP: 3/3
  1374 | D:3      | Reached XP level 4. HP: 28/33 MP: 4/4
  1478 | D:3      | Noticed Natasha
  1488 | D:3      | Killed Natasha
  1866 | D:3      | Found a shimmering altar of Xom.
  1884 | D:3      | Reached XP level 5. HP: 37/38 MP: 5/5
  1992 | D:3      | Noticed Natasha
  2007 | D:3      | Killed Natasha
  2083 | D:3      | Noticed Natasha
  2092 | D:3      | Killed Natasha
  2270 | D:3      | Found a bloodstained altar of Trog.
  2391 | D:3      | Became a worshipper of Trog the Wrathful
  2460 | D:3      | Found a burning altar of Makhleb.
  2507 | D:3      | Identified the +2 dagger of Guilt {heavy, rN+ Str+2}
  2731 | D:3      | Reached skill level 5 in Long Blades
  2731 | D:3      | Reached XP level 6. HP: 33/44 MP: 6/6
  3414 | D:4      | Reached XP level 7. HP: 52/52 MP: 7/7
  3431 | D:4      | Noticed Duvessa
  3431 | D:4      | Noticed Dowan
  3588 | D:4      | Killed Duvessa
  3823 | D:4      | Found a hazy altar of Hepliaklqana.
  4463 | D:5      | Entered Level 5 of the Dungeon
  4473 | D:5      | Reached * piety under Trog
  4493 | D:5      | Reached skill level 5 in Short Blades
  4833 | D:5      | Reached XP level 8. HP: 19/61 MP: 8/8
  4836 | D:5      | Reached skill level 5 in Fighting
  5220 | D:5      | Noticed Edmund
  5243 | D:5      | Killed Edmund
  5524 | D:5      | Noticed Sigmund
  5543 | D:5      | Killed Sigmund
  5818 | D:6      | Reached XP level 9. HP: 53/68 MP: 9/9
  5909 | D:6      | Found a basalt altar of Yredelemnul.
  6136 | D:6      | Identified the +1 helmet of Xoshrour {Dex+3}
  6179 | D:6      | Noticed Menkaure
  6220 | D:6      | Killed Menkaure
  6301 | D:6      | Found a staircase to the Ecumenical Temple.
  6437 | D:6      | Noticed Eustachio
  6475 | D:6      | Killed Eustachio
  6524 | D:6      | Reached skill level 3 in Dodging
  6648 | D:7      | Found Ykhybe Xiet's Assorted Antiques.
  6648 | D:7      | Found Pugi's Armour Shoppe.
  6663 | D:7      | Bought a +0 helmet for 54 gold pieces
  6697 | D:7      | Found Adompyho's Jewellery Emporium.
  6729 | D:7      | Found Yreurphue's Weapon Boutique.
  6764 | D:7      | Reached skill level 4 in Dodging
  6869 | D:7      | Noticed Maurice
  6874 | D:7      | Maurice stole a +0 long sword {Dongyul}
  6876 | D:7      | Maurice stole a javelin
  6879 | D:7      | Maurice stole 158 gold
  6881 | D:7      | Maurice stole 106 gold
  6884 | D:7      | Killed Maurice
  6885 | D:7      | Reached skill level 5 in Dodging
  6944 | D:7      | Found a stormy altar of Qazlal.
  7000 | D:7      | Found Cosuoz Nesma's Antique Weapon Boutique.
  7015 | D:7      | Noticed Pikel
  7041 | D:6      | Killed Pikel
  7042 | D:6      | Reached XP level 10. HP: 61/77 MP: 10/10
  7323 | D:8      | Reached skill level 1 in Armour
  7325 | D:8      | Reached ** piety under Trog
  7519 | D:8      | Found Dirphuju's Firing Range.
  7823 | D:8      | Noticed a two-headed ogre
  7831 | D:8      | Killed a two-headed ogre
  7832 | D:8      | Reached skill level 6 in Dodging
  7846 | D:8      | Found Suekewun's Antique Weapon Shoppe.
  7991 | D:8      | Reached skill level 7 in Dodging
  8414 | D:9      | Found a snail-covered altar of Cheibriados.
  8416 | D:9      | Noticed Maggie
  8442 | D:9      | Killed Maggie
  8699 | D:9      | Paralysed by a hornet for 3 turns
  8773 | D:9      | Noticed Erolcha
  8783 | D:9      | Found a shadowy altar of Dithmenos.
  8790 | D:9      | Killed Erolcha
  8791 | D:9      | Reached XP level 11. HP: 56/86 MP: 11/11
  8792 | D:9      | Paralysed by a hornet for 2 turns
  9039 | D:9      | Reached *** piety under Trog
  9066 | D:9      | Reached skill level 8 in Dodging
  9299 | D:9      | Found a staircase to the Orcish Mines.
  9369 | D:9      | Found a radiant altar of Vehumet.
  9457 | D:9      | Noticed Jeremiah
  9467 | D:9      | Noticed Prince Ribbit
  9468 | D:9      | Noticed Harold
  9492 | D:9      | Killed Harold
  9496 | D:9      | Killed Prince Ribbit
  9747 | D:9      | Found a staircase to the Lair.
 10341 | D:9      | Killed Jeremiah
 10395 | D:10     | Entered Level 10 of the Dungeon
 10539 | D:10     | Found an ornate altar of the Wu Jian Council.
 10983 | D:10     | Found a portal to a secret trove of treasure.
 11734 | D:10     | Noticed Sonja
 11738 | D:10     | Sonja changed into Sonja the entropy weaver
 11738 | D:10     | Noticed Sonja
 11756 | D:10     | Killed Sonja the entropy weaver
 11828 | D:10     | Found a sparkling altar of Nemelex Xobeh.
 11957 | D:11     | Noticed a two-headed ogre
 12046 | D:11     | Reached XP level 12. HP: 90/95 MP: 12/12
 12387 | D:11     | Identified the +2 helmet "Lumn" {rPois Regen+ Str+4}
 12590 | D:11     | Reached skill level 10 in Long Blades
 12773 | D:11     | Killed a two-headed ogre
 13405 | Lair:1   | Entered Level 1 of the Lair of Beasts
 13563 | Lair:1   | Noticed Joseph
 13590 | Lair:1   | Killed Joseph
 13591 | Lair:1   | Reached skill level 1 in Evocations
 13807 | Lair:1   | Noticed Erica
 13814 | Lair:1   | Killed Erica
 14118 | Lair:1   | Reached **** piety under Trog
 14359 | Lair:1   | Identified the +1 robe "Pivoh" {rPois Will- Regen+ Slay+5}
 14828 | D:1      | Bought a scroll of fog for 56 gold pieces
 14828 | D:1      | Bought a scroll of identify for 28 gold pieces
 14828 | D:1      | Bought a scroll of noise for 14 gold pieces
 14828 | D:1      | Bought a scroll of identify for 28 gold pieces
 14828 | D:1      | Bought a scroll of identify for 28 gold pieces
 14828 | D:1      | Bought a scroll of enchant armour for 105 gold pieces
 15108 | Lair:2   | Found a hole to the Spider Nest.
 15159 | Lair:1   | Reached XP level 13. HP: 85/101 MP: 13/13
 15441 | Lair:2   | Reached skill level 10 in Fighting
 15441 | Lair:2   | Reached skill level 9 in Dodging
 15636 | Lair:2   | Found a staircase to the Swamp.
 16330 | Lair:2   | Reached skill level 10 in Dodging
 16338 | Lair:2   | Reached ***** piety under Trog
 16356 | Lair:3   | You fall into a shaft and drop 2 floors!
 16356 | Lair:5   | Entered Level 5 of the Lair of Beasts
 16356 | Lair:5   | Noticed Rupert
 16583 | Lair:4   | Reached skill level 5 in Evocations
 16863 | Lair:3   | Identified the +2 robe of Eternal Night {rF- Str-5 Int+9
                  | Dex+3}
 16870 | Lair:3   | Reached skill level 5 in Armour
 17058 | Lair:3   | Found an opulent altar of Gozag.
 17381 | Lair:3   | Found the +8 whip "Snakebite" {venom, curare, rPois}
 17777 | Lair:3   | Found an opulent altar of Gozag.
 17978 | Lair:3   | Reached skill level 11 in Dodging
 18382 | Lair:4   | Reached XP level 14. HP: 110/110 MP: 14/14
 18383 | Lair:4   | Acquired an ablative megaassembler {rElec Slay+3 Clar RMsl}
 19022 | Lair:5   | Found a viscous altar of Jiyva.
 19022 | Lair:5   | Found a staircase to the Slime Pits.
 19154 | Lair:5   | Reached skill level 12 in Dodging
 19158 | Lair:5   | Received a gift from Trog
 19321 | Lair:5   | Noticed Josephine
 19342 | Lair:5   | Killed Josephine
 19589 | Lair:5   | Killed Rupert
 20133 | Lair:5   | Noticed a dire elephant
 20133 | Lair:5   | Noticed a dire elephant
 20134 | Lair:5   | Noticed a dire elephant
 20191 | Lair:5   | Reached skill level 13 in Dodging
 21187 | Lair:5   | Killed a dire elephant
 21244 | Lair:5   | Killed a dire elephant
 21245 | Lair:5   | Reached skill level 14 in Dodging
 21338 | Lair:5   | Killed a dire elephant
 21404 | Lair:5   | Reached XP level 15. HP: 118/118 MP: 15/15
 21812 | D:12     | Found the +12 glaive of Prune {freeze, Prune}
 22086 | D:12     | Reached skill level 15 in Dodging
 22769 | D:13     | Identified a scroll of acquirement
 22888 | D:13     | Found a gate to the Vaults.
 22953 | D:13     | Found a broken altar of Ashenzari.
 23691 | D:13     | Reached ****** piety under Trog
 24380 | D:14     | Identified the +4 scimitar "Ahig" {flame, ^Fragile rC+++
                  | Will+ Dex-2} (Trog gifted it to you on level 14 of the
                  | Dungeon)
 24380 | D:14     | Received a gift from Trog
 24966 | D:14     | Reached XP level 16. HP: 108/129 MP: 12/16
 25390 | D:15     | Entered Level 15 of the Dungeon
 25402 | D:14     | Reached skill level 16 in Dodging
 25485 | D:15     | Noticed Nessos
 25528 | D:15     | Killed Nessos
 25711 | D:15     | Found a staircase to the Depths.
 25795 | D:15     | Identified the +1 leather armour of the Lion {-Tele Rampage
                  | rF+}
 26020 | D:15     | Received a gift from Trog
 26750 | Swamp:1  | Entered Level 1 of the Swamp
 26750 | Swamp:1  | Noticed Donald
 26752 | Swamp:1  | Killed Donald
 26913 | Lair:2   | Upgraded the game from 0.32-a0-614-gd166fa89d2 to
                  | 0.32-a0-630-g46d191b0ed
 28546 | Swamp:2  | Reached skill level 17 in Dodging
 28664 | Swamp:3  | Noticed Louise
 28664 | Swamp:3  | Noticed a thorn hunter
 28698 | Swamp:2  | Received a gift from Trog
 28734 | Swamp:3  | Identified the serpent talisman "Udocezu" {rF+ Int+2}
 28734 | Swamp:3  | Noticed Aizul
 28750 | Swamp:2  | Killed Aizul
 28977 | Swamp:2  | Reached XP level 17. HP: 122/140 MP: 17/17
 29056 | Swamp:3  | Killed Louise
 29058 | Swamp:3  | Upgraded the game from 0.32-a0-630-g46d191b0ed to
                  | 0.32-a0-675-gdc239d62e1
 29199 | Swamp:3  | Noticed Jorgrun
 29208 | Swamp:3  | Killed Jorgrun
 29262 | Swamp:3  | Identified the +5 flail of the Lurker {protect, rF+}
 29282 | Swamp:3  | Acquired a manual of Armour
 29596 | Swamp:4  | Entered Level 4 of the Swamp
 29633 | Swamp:4  | Noticed Extiocze's ghost (adept SpHu)
 29633 | Swamp:4  | Found a transporter.
 29889 | Swamp:4  | Reached skill level 10 in Armour
 30138 | Swamp:3  | Reached skill level 15 in Fighting
 30406 | Swamp:4  | Got a decaying rune of Zot
 30737 | Swamp:4  | Noticed the 27-headed Lernaean hydra
 30881 | Swamp:4  | Killed the 27-headed Lernaean hydra
 31021 | Swamp:4  | Found a transporter.
 31321 | Spider:1 | Entered Level 1 of the Spider Nest
 31331 | Spider:1 | Reached skill level 18 in Dodging
 31551 | D:7      | Bought +1 fire dragon scales for 804 gold pieces
 31996 | Spider:1 | Identified the +6 war axe "Dragon's Tongue" {flame, rC+
                  | rCorr Str+3} (Trog gifted it to you on level 1 of the
                  | Spider Nest)
 31996 | Spider:1 | Received a gift from Trog
 32025 | Spider:1 | Identified the +3 leather armour of the Louse {*Slow Int+6}
 32461 | Spider:1 | Reached XP level 18. HP: 151/151 MP: 18/18
 34348 | Spider:2 | Identified the +3 rapier of Abomination {antimagic, rN+
                  | Stlth+} (Trog gifted it to you on level 2 of the Spider
                  | Nest)
 34348 | Spider:2 | Received a gift from Trog
 35031 | Spider:4 | Entered Level 4 of the Spider Nest
 35031 | Spider:4 | Found a transporter.
 35033 | Spider:4 | Noticed Bigboy123's ghost (adept MiBe)
 35144 | Spider:4 | Found a transporter.
 36054 | Orc:1    | Entered Level 1 of the Orcish Mines
 36393 | Orc:2    | Entered Level 2 of the Orcish Mines
 36459 | Orc:1    | Received a gift from Trog
 36484 | Orc:2    | Found Foheal's Armour Emporium.
 36533 | Orc:2    | Found a gate leading to a gauntlet.
 36537 | Orc:2    | Found a staircase to the Elven Halls.
 36562 | Gauntlet | Entered a Gauntlet
 36562 | Gauntlet | Found a large runed translucent door.
 36562 | Gauntlet | Found a large runed translucent door.
 36562 | Gauntlet | Found a large runed translucent door.
 36562 | Gauntlet | Found a large runed translucent door.
 36562 | Gauntlet | Found a runed translucent door.
 36562 | Gauntlet | Found a large runed translucent door.
 36562 | Gauntlet | Found a large runed translucent door.
 36562 | Gauntlet | Found a transporter.
 36562 | Gauntlet | Found a transporter.
 36562 | Gauntlet | Found a large runed translucent door.
 36562 | Gauntlet | Found a large runed translucent door.
 36562 | Gauntlet | Found a runed translucent gate.
 36562 | Gauntlet | Found a runed translucent gate.
 36562 | Gauntlet | Found a transporter.
 36562 | Gauntlet | Found a transporter.
 36566 | Gauntlet | Found a transporter.
 36566 | Gauntlet | Found a transporter.
 36567 | Gauntlet | Found a runed translucent gate.
 36567 | Gauntlet | Found a runed translucent door.
 36571 | Gauntlet | Found a large runed translucent door.
 36571 | Gauntlet | Found a large runed translucent door.
 36580 | Gauntlet | Found a transporter.
 36582 | Gauntlet | Found a transporter.
 36590 | Gauntlet | Found a transporter.
 36595 | Gauntlet | Found a transporter.
 36614 | Gauntlet | Found a transporter.
 36618 | Gauntlet | Found a transporter.
 36663 | Gauntlet | Found a large runed translucent door.
 36663 | Gauntlet | Found a large runed translucent door.
 36664 | Gauntlet | Found a large runed translucent door.
 36664 | Gauntlet | Found a large runed translucent door.
 36665 | Gauntlet | Found a large runed translucent door.
 36665 | Gauntlet | Found a large runed translucent door.
 36877 | Gauntlet | Identified the +0 pair of boots of the Cricket {Str+3}
 36904 | Gauntlet | Reached skill level 19 in Dodging
 36927 | Gauntlet | Identified the +1 cloak of Plog {rPois Str+2}
 36957 | Gauntlet | Identified the +5 broad axe "Grim Tooth" {elec, *Slow
                  | Will+++ rCorr Dex+3}
 36972 | Gauntlet | Identified the +7 short sword of Moderation {freeze, Dex+7
                  | Stlth-}
 36981 | Gauntlet | Identified the +0 helmet of the Prince of Darkness {rF++
                  | Will+ SInv}
 37024 | Orc:2    | Found a frozen archway.
 37058 | IceCv    | Entered an ice cave
 37175 | IceCv    | Got the +8 spear "Thing" {freeze, Int+3 Dex+5 SInv}
 37297 | IceCv    | Received a gift from Trog
 37323 | IceCv    | Reached XP level 19. HP: 123/161 MP: 9/19
 37521 | IceCv    | Found a viscous altar of Jiyva.
 37552 | IceCv    | Identified the +1 scale mail "Ataom" {rCorr Str+3 Dex+3}
 38274 | Orc:1    | Found a transporter.
 39382 | Orc:2    | Received a gift from Trog
 39401 | Orc:2    | Found Fueloweph's Assorted Antiques.
 39401 | Orc:2    | Found Kaalulon's General Store.
 39402 | Orc:2    | Found Yca Soe's Magic Scroll Shoppe.
 39402 | Orc:2    | Found Hafaq's Antique Weapon Emporium.
 39416 | Orc:2    | Bought a scroll of acquirement for 520 gold pieces
 39416 | Orc:2    | Bought a scroll of acquirement for 520 gold pieces
 39417 | Orc:2    | Acquired 843 gold pieces
 39419 | Orc:2    | Acquired a +0 double sword of electrocution
 39424 | Orc:2    | Bought a scroll of blinking for 75 gold pieces
 39424 | Orc:2    | Bought a scroll of summoning for 95 gold pieces
 39428 | Orc:2    | Bought a scroll of blinking for 97 gold pieces
 39428 | Orc:2    | Bought a potion of haste for 130 gold pieces
 39432 | Orc:2    | Bought a scroll of blinking for 292 gold pieces
 39691 | Vaults:1 | Entered Level 1 of the Vaults
 40032 | Vaults:1 | Upgraded the game from 0.32-a0-675-gdc239d62e1 to
                  | 0.32-a0-685-g93135e86f0
 40227 | Vaults:1 | Reached skill level 10 in Evocations
 40593 | Vaults:1 | Found Nifiesy's Book Boutique.
 41383 | Vaults:1 | Received a gift from Trog
 41865 | Vaults:1 | Identified the +6 great sword of Starshine {flame, +Blink
                  | rF- Int+5}
 42995 | Vaults:2 | Received a gift from Trog
 43115 | Vaults:2 | Reached skill level 15 in Armour
 43224 | Vaults:2 | Noticed Jory
 43640 | Vaults:2 | Killed Jory
 43641 | Vaults:2 | Reached XP level 20. HP: 170/170 MP: 20/20
 44251 | Vaults:2 | Found Yxe Vikk's Book Emporium.
 44923 | Orc:1    | Found a transporter.
 44923 | Orc:1    | Found a runed translucent door.
 44923 | Orc:1    | Found a bloodstained altar of Trog.
 44923 | Orc:1    | Found the +8 Wrath of Trog {antimagic, *Rage Rampage}
 45029 | Orc:1    | Identified the +5 great sword "Xoerre" {vamp, rF+ SInv}
 45037 | Orc:1    | Identified the +10 plate armour of Ethics {*Corrode rF+
                  | MP+9 Slay+2}
 45281 | Swamp:4  | Killed Extiocze's ghost
 45324 | Swamp:4  | Identified the amulet of Wu Jian's Favour {Regen+ Str+3}
 45329 | Swamp:4  | Identified the staff of Gerphun {Int+5 Conj Summ}
 45715 | Vaults:2 | Received a gift from Trog
 46695 | Vaults:3 | Found a magical portal.
 46719 | WizLab   | Entered Borgnjor's Mausoleum
 47176 | Vaults:3 | Found a staircase to the Crypt.
 47176 | Vaults:3 | Found a basalt altar of Yredelemnul.
 47177 | Vaults:3 | Found an ancient bone altar of Kikubaaqudgha.
 47210 | Vaults:3 | Found Obbo's Antique Weapon Emporium.
 47265 | Vaults:3 | Received a gift from Trog
 48326 | Vaults:3 | Found a glowing golden altar of the Shining One.
 48600 | Vaults:4 | Reached skill level 20 in Dodging
 48846 | Vaults:4 | Reached skill level 1 in Axes
 48981 | Vaults:4 | Reached XP level 21. HP: 178/178 MP: 21/21
 49018 | Vaults:4 | Received a gift from Trog
 49225 | Vaults:4 | Reached skill level 5 in Axes
 49365 | Vaults:4 | Found a runed translucent gate.
 49365 | Vaults:4 | Found a runed translucent gate.
 49365 | Vaults:4 | Found a runed translucent gate.
 49365 | Vaults:4 | Noticed Sudilyre's ghost (adept MiBe)
 50450 | Vaults:4 | Found a viscous altar of Jiyva.
 50864 | Elf:1    | Entered Level 1 of the Elven Halls
 51563 | Elf:1    | Found a shimmering blue altar of Sif Muna.
 51772 | Elf:1    | Reached skill level 10 in Axes
 52360 | Elf:2    | Found Leal's General Store.
 52374 | Elf:2    | Bought a scroll of blinking for 150 gold pieces
 52450 | Elf:2    | Found Teuz's Armour Shop.
 52508 | Elf:2    | Found Goni's Assorted Antiques.
 52527 | Elf:2    | Identified the +3 scimitar of Ycsaoba {flame, Dex+3} (Trog
                  | gifted it to you on level 2 of the Elven Halls)
 52527 | Elf:2    | Received a gift from Trog
 52765 | Elf:2    | Found a runed translucent gate.
 52765 | Elf:2    | Found a runed translucent gate.
 52766 | Elf:2    | Found a runed translucent gate.
 53138 | Elf:2    | Paralysed by an air elemental for 1 turns
 53265 | Elf:2    | Noticed Zenata
 53280 | Elf:2    | Killed Zenata
 53593 | Elf:2    | Noticed Norris
 53603 | Elf:2    | Noticed Asterion
 53605 | Elf:2    | Killed Norris
 53611 | Elf:2    | Killed Asterion
 54015 | Elf:2    | Reached XP level 22. HP: 123/181 MP: 22/22
 54294 | Elf:3    | Entered Level 3 of the Elven Halls
 54308 | Elf:3    | Received a gift from Trog
 55770 | Elf:3    | Received a gift from Trog
 56466 | Elf:3    | Reached skill level 15 in Axes
 56659 | Elf:3    | Identified the ring "Jyaphymo" {Fire rPois}
 56771 | Elf:3    | Identified the +1 scale mail of Birdsong {rCorr Int+2}
 56776 | Elf:3    | Identified the +1 leather armour of the Apothecary {Int+5}
 56783 | Elf:3    | Identified the +7 sling of Mens Rea {drain, rC+ Int+5
                  | Dex-4}
 56805 | Elf:3    | Found the +7 staff of the Meek {protect, meekguard}
 56806 | Elf:3    | Identified the +7 dagger of Uwka {drain, Will+ Int+3}
 56885 | Elf:3    | Identified the +3 crystal plate armour of Classification
                  | {rElec Will+}
 56899 | Elf:3    | Identified the +7 war axe of Doom {drain, rCorr}
 56901 | Elf:3    | Identified the staff of Plunder {rElec Int+3 Fire Air}
 57403 | Depths:1 | Entered Level 1 of the Depths
 57442 | Depths:1 | Found Vuluih's Assorted Antiques.
 58497 | Depths:1 | Found a glowing silver altar of Zin.
 58930 | Depths:1 | Received a gift from Trog
 58972 | Depths:1 | Found a one-way gateway to a ziggurat.
 58989 | Depths:1 | Found a hide-covered altar of Uskayaw.
 59322 | Depths:1 | Found a gateway to Hell.
 59442 | Depths:2 | Found Coanoic's Jewellery Boutique.
 59518 | Depths:1 | HP: 4/185 [spriggan berserker/+0 quarterstaff (17)]
 59519 | Depths:1 | Mangled by a spriggan berserker

Illustrated notes

Levels and vault maps discovered:
D:1:      elethiomel_arrival_quiet, layout_rooms, serial_shops, shop
D:2:      layout_basic
D:3:      layout_basic, lemuel_coloured_pillars_altar, lemuel_crystal_altar,
          mainiacjoe_overflow_tiny_flanked, columned_hall_lemuel, uniq_natasha
D:4:      layout_basic, mainiacjoe_overflow_alcove_4, uniq_duvessa
D:5:      layout_cave_pools, chequers_serial_rivers_micro_e, chequers_big_river,
          grunt_ministairs_6, uniq_edmund, uniq_sigmund
D:6:      layout_basic, yredelemnul_altar_generic,
          minmay_temple_entry_stoned_glass, uniq_eustachio, uniq_menkaure
D:7:      layout_basic, lemuel_doored_altar, serial_shops, nicolae_shop_stone,
          shop, nicolae_shop_stone, shop, kennysheep_mini, uniq_maurice,
          uniq_pikel
D:8:      layout_basic, serial_shops, nicolae_diamond_shop,
          nicolae_shop_firing_range
D:9:      layout_stronghold, vehumet_altar_wand_db, grunt_dithmenos_smoke,
          kennysheep_slug_shrine, erik_lair_island, david_orc_4,
          grunt_ogre_cave, uniq_harold, uniq_maggie, uniq_prince_ribbit1,
          uniq_jeremiah, uniq_erolcha
D:10:     layout_long_grid, lemuel_round_altar, nzn_wu_jian_contemplation,
          nicolae_trove_entry_free_sample,
          serial_library_regret_index_split_case, uniq_sonja
D:11:     layout_cave_pods
D:12:     layout_loops_cross, minmay_guarded_unrand_prune
D:13:     layout_grid_maze, david_vaults_1, cheibrodos_ashenzari_chains
D:14:     layout_basic, minmay_misc_feat_chi, hangedman_abyss_or_decor_passed
D:15:     gammafunk_enter_depths_forms, layout_basic, uniq_nessos
Lair:1:   layout_regular_city, grunt_megastairs_1, uniq_erica, uniq_joseph
Lair:2:   layout_loops_ring, nicolae_swamp_entry_spooky, spider_nest_entry_a,
          serial_bayou_ford_a, grunt_forest_stairs_clearing,
          infiniplex_staircase_pool, lemuel_fruit_tree
Lair:3:   minmay_guarded_unrand_snakebite, layout_misc_corridors, basic_altar
Lair:4:   layout_long_grid, st_stairs_10, grunt_megastairs_2
Lair:5:   due_jungle_book, layout_gridlike, dpeg_slime_entry_enclosed,
          serial_forest, infiniplex_forest_end_double, infiniplex_forest_end_1,
          infiniplex_forest_straight_2, infiniplex_forest_end_3,
          infiniplex_forest_corner_1, infiniplex_forest_lined_1,
          infiniplex_forest_end_3, infiniplex_forest_lined_ring,
          infiniplex_forest_join, uniq_josephine, uniq_rupert
Swamp:1:  layout_falls_marsh, serial_swamp_ruin, evilmike_swamp_ruin_house_3,
          evilmike_swamp_ruin_house_2, infiniplex_staircase_pool_2, uniq_donald
Swamp:2:  layout_basic_swamp, nicolae_swamp_triple_paths, swamp_pool_3,
          nicolae_swamp_tree_isthmus
Swamp:3:  layout_falls_marsh, evilmike_swamp_ruin_house_6, uniq_louise,
          uniq_jorgrun, uniq_aizul
Swamp:4:  swamp, layout_basic_swamp, gammafunk_ghost_berserking_beasts,
          swamp_pool_1_2
Spider:1: layout_cave_pods, nicolae_spider_circle_web
Spider:2: layout_spider_delve, drop_trap, nicolae_spider_rock_and_or_roll
Spider:3: layout_cave_pods, nicolae_looking_at_the_future
Spider:4: spider_rune_water, gammafunk_ghost_arena, uniq_mlioglotl
Orc:1:    emtedronai_trogs_sanctum, layout_diamond_mine, nicolae_orc_minecarts
Orc:2:    st_orc_pillars, layout_caves, serial_shops, nicolae_diamond_shop,
          gauntlet_entry_generic, portal_ice_cave_rime
Elf:1:    minmay_elf_arrival_plus, layout_gridlike, basic_altar, kb_rosetta
Elf:2:    elven_hall_of_blades_hangedman_original [nicolae_blade_bullseye],
          layout_loops_corners, serial_shops, nicolae_shop_rolling_square,
          nicolae_square_shop, nicolae_shop_tiny_waterfront, uniq_asterion,
          uniq_norris, uniq_zenata
Elf:3:    minmay_elf_hall_four_x, layout_gridlike, grunt_megastairs_3
Vaults:1: nicolae_vaults_display_case, nicolae_vaults_ellipses_ellipsis,
          nicolae_vaults_octothorpe, v_alt_pattern_6,
          nicolae_vaults_little_squares_4, ontoclasm_vaults_ring_square,
          nicolae_vaults_trapezoid_lopsided_1, nicolae_vaults_stepped_doors,
          ontoclasm_vaults_shuriken, vaults_mumra_hexcomb, vaults_room_hallway,
          layout_vaults_chaotic_city, serial_shops, shop
Vaults:2: nicolae_vaults_trapezoid_1, nicolae_vaults_triangles, gargoyle_guard,
          nicolae_vaults_double_plus_1, vaults_room_mumra_shop_pool,
          nicolae_vaults_mini_display_case, v_misc_29,
          grunt_vaults_hallway_short, layout_vaults_omnigrid, uniq_jory
Vaults:3: infiniplex_enter_wizlab_glasses, minmay_crypt_entry_necro_gods,
          vaults_room_pools, grunt_vaults_hallway_short,
          nicolae_vaults_variable_pillar_hall, nicolae_vaults_heist, v_misc_29,
          nicolae_vaults_closet_pinwheel_6, vaults_room_corners,
          nicolae_vaults_oval_intersection, v_misc_27, nicolae_vaults_wrenched,
          hangedman_vaults_impose, lemuel_angel_altar, layout_vaults_maze_bifur,
          serial_shops, shop
Vaults:4: gammafunk_ghost_ooze, v_misc_11, hangedman_vaults_capsules,
          nicolae_vaults_wine_cellar, nicolae_vaults_sealed_display,
          nicolae_vaults_sesquioval_fish, vaults_dpeg_ring,
          nicolae_vaults_double_plus_1, hangedman_vaults_trim,
          serial_library_hellmonk_big_corner, vaults_room_guarded_vault,
          vaults_room_pools, vaults_room_ringed_pool, layout_vaults_omnicross
Depths:1: layout_honeycomb, enter_ziggurat_f, serial_shops,
          nicolae_shop_competitors_out_of_business, serial_bayou,
          serial_bayou_pond_c, serial_bayou_lake_a, serial_bayou_lagoon_a,
          serial_bayou_shore_b, serial_bayou_pond_b, serial_bayou_pond_e,
          grunt_hell_entry_dis_old, nicolae_uskayaw_murder_on_the_dancefloor,
          grunt_ministairs_11, zin_academy
Depths:2: minmay_chopped_fan, layout_cave_pools, pan_entry, serial_shops,
          nicolae_shop_real_fake_doors, shop, shop,
          nicolae_shop_advertising_works [nicolae_subvault_shop_adworks], shop,
          hell_entry

Skill      XL: |  1  2  3  4  5  6  7  8  9 10 11 12 13 14 15 16 17 18 19 20 21 22 |
---------------+-------------------------------------------------------------------+-----
Short Blades   | 1 2 3 4 5 8 9 |  9.5
Long Blades    | 4 5 9 12 13 14 | 14.7
Fighting       | 3 4 5 6 8 9 10 11 12 14 15 17 18 | 18.4
Dodging        | 5 7 8 11 14 15 17 18 19 20 | 20.0
Stealth        | 2 4 |  4.0
Armour         | 4 6 7 8 9 11 13 15 16 | 16.3
Evocations     | 4 6 8 11 12 | 12.9
Axes           | 1 12 16 | 16.6
Throwing       | |  1.7

Action                     |  1- 3 |  4- 6 |  7- 9 | 10-12 | 13-15 | 16-18 | 19-21 | 22-24 || total
---------------------------+-------+-------+-------+-------+-------+-------+-------+-------++-------
  Melee: Long sword        |    66 |       |       |       |       |       |       |       ||    66
         Dagger            |    87 |   232 |   615 |   835 |       |       |       |       ||  1769
         Scimitar          |       |       |       |   386 |  1282 |  1673 |  1775 |   496 ||  5612
         Short sword       |       |       |       |   214 |  1204 |  1573 |  1661 |   461 ||  5113
  Throw: Throwing net      |       |     1 |     3 |       |       |       |       |       ||     4
         Javelin           |       |       |       |     4 |       |       |       |       ||     4
         Dart              |       |       |       |     6 |     3 |     1 |       |     5 ||    15
         Boomerang         |       |       |       |       |       |    11 |    15 |       ||    26
 Invoke: Berserk           |       |       |     3 |     8 |    10 |     5 |     9 |     1 ||    36
         Trog's Hand       |       |       |       |     6 |     2 |     4 |     5 |     1 ||    18
         Brothers in Arms  |       |       |       |       |     1 |     2 |     7 |       ||    10
Ability: Invent Gizmo      |       |       |       |       |     1 |       |       |       ||     1
  Evoke: Wand              |       |       |     8 |    12 |     5 |    14 |    11 |     9 ||    59
         Phantom mirror    |       |       |       |       |       |     2 |     1 |       ||     3
         Lightning rod     |       |       |       |       |       |       |       |     2 ||     2
    Use: Scroll            |     1 |     1 |     4 |    15 |    10 |    12 |    10 |     1 ||    54
         Potion            |       |       |     1 |     1 |     3 |     1 |     6 |     3 ||    15
   Stab: Held in net/web   |       |     2 |       |       |       |       |       |       ||     2
         Sleeping          |       |       |       |     4 |     6 |     5 |     2 |       ||    17
         Distracted        |       |       |       |     2 |     2 |     2 |     1 |     1 ||     8
         Invisible         |       |       |       |       |       |       |     1 |       ||     1
         Paralysed         |       |       |       |       |       |       |       |     1 ||     1
 Armour: Ring mail         |    59 |    47 |    13 |       |   174 |   491 |       |       ||   784
         Scale mail        |       |       |   107 |    71 |       |       |       |       ||   178
         Skin              |       |       |    12 |       |       |       |       |       ||    12
         Steam dragon scal |       |       |       |   197 |   277 |       |       |       ||   474
         Fire dragon scale |       |       |       |       |       |   466 |    20 |       ||   486
         Quicksilver drago |       |       |       |       |       |       |   253 |       ||   253
         Plate armour      |       |       |       |       |       |       |   674 |   250 ||   924
  Dodge: Dodged            |    48 |    39 |    72 |   316 |   632 |  1284 |  1003 |   208 ||  3602
         Repelled          |       |       |       |       |     6 |    47 |   107 |    32 ||   192

Table legend: (Time is in decaauts)
 A = Elapsed time spent in this place.
 B = Non-inter-level travel time spent in this place.
 C = Inter-level travel time spent in this place.
 D = Time resting spent in this place.
 E = Time spent auto-exploring this place.
 F = Levels seen in this place.
 G = Mean time per level.
                   A        B        C        D        E       F      G
               +--------+--------+--------+--------+--------+-----+--------+
         Total |  57201 |  50977 |   6224 |   7824 |  26215 |  42 | 1361.9 |
       Dungeon |  19399 |  16594 |   2805 |   1922 |  10593 |  15 | 1293.3 |
          Lair |   7993 |   7021 |    972 |    873 |   3775 |   5 | 1598.6 |
         Swamp |   4667 |   4111 |    556 |    792 |   1716 |   4 | 1166.8 |
   Spider Nest |   4084 |   3751 |    333 |    468 |   1908 |   4 | 1021.0 |
  Orcish Mines |   2997 |   2469 |    528 |    272 |   1248 |   2 | 1498.5 |
   Elven Halls |   5596 |   5216 |    380 |   1134 |   2705 |   3 | 1865.3 |
        Vaults |   9390 |   8842 |    548 |   1979 |   3168 |   4 | 2347.5 |
        Depths |   2016 |   1918 |     98 |    383 |    818 |   2 | 1008.0 |
      Ice Cave |    516 |    516 |      0 |      0 |    117 |   1 |  516.0 |
        Wizlab |    106 |    106 |      0 |      0 |      0 |   1 |  106.0 |
      Gauntlet |    432 |    432 |      0 |      0 |    164 |   1 |  432.0 |
               +--------+--------+--------+--------+--------+-----+--------+

Top non-repeatable levels by time:
Vaults:2: 2984 daAuts
Vaults:1: 2950 daAuts
     D:9: 2899 daAuts
  Lair:5: 2414 daAuts
   Elf:3: 2333 daAuts
   Elf:2: 2204 daAuts
Depths:1: 2003 daAuts
   Orc:2: 1916 daAuts
Vaults:4: 1789 daAuts
    D:10: 1770 daAuts
Vaults:3: 1666 daAuts
  Lair:2: 1612 daAuts
     D:4: 1578 daAuts
     D:3: 1545 daAuts
  Lair:3: 1475 daAuts
